 Dungeon Crawl Stone Soup version 0.29.1-1-gd02db69 (webtiles) character file.

Game seed: 589712873192867196

4150042 malesh the Ruinous (level 27, 180/180 HPs)
             Began as a Gargoyle Earth Elementalist on Oct 5, 2022.
             Was the Champion of Vehumet.
             Escaped with the Orb
             ... and 6 runes on Oct 7, 2022!
             The game lasted 07:58:07 (73679 turns).

malesh the Ruinous (Gargoyle Earth Elementalist)   Turns: 73679, Time: 07:58:08

Health: 180/180    AC: 31    Str: 19    XL:     27
Magic:  51/51      EV: 29    Int: 34    God:    Vehumet [******]
Gold:   5445       SH: 19    Dex: 26    Spells: 3/75 levels left

rFire   + + +      SeeInvis +   a - staff of earth
rCold   + . .      Faith    .   N - +4 kite shield {rF+}
rNeg    + + .      Spirit   .   W - +2 robe {Archmagi}
rPois   ∞          Reflect  .   f - +3 crown of Dyrovepreva {rElec Int+2 SInv}
rElec   +          Harm     .   o - scarf {rC+ rF+}
rCorr   +          Rampage  .   D - +2 pair of gloves of the Hall of Blades {+Blink Int+3 Dex+2}
Will    +++..      Archmagi +   v - +0 pair of boots "Ymum" {Regen+ Int+2 Dex+2}
Stlth   ++........ Clarity  +   q - amulet of Vitality {RegenMP++ Regen++}
HPRegen 2.80/turn               z - ring "Hyizan" {rPois rN+ Dex+3 Slay-4 Stlth+}
MPRegen 1.12/turn               J - ring of Dusel {rElec rCorr Str+6 Dex+7}

@: flying, studying Ranged Weapons
A: sickness immunity, AC +20, big wings, negative energy resistance 1,
electricity resistance, torment resistance 1, petrification resistance, clarity,
fire resistance 1, strong-willed 1, screaming 2
0: Orb of Zot
}: 6/15 runes: serpentine, barnacled, slimy, silver, obsidian, abyssal
a: Renounce Religion, Evoke Blink


You escaped.
You worshipped Vehumet.
Vehumet was exalted by your worship.
You visited 15 branches of the dungeon, and saw 66 of its levels.
You visited the Abyss 1 time.
You visited 2 bazaars.
You also visited: Ossuary, Bailey, Volcano, Wizlab and Desolation.

You collected 10454 gold pieces.
You spent 5009 gold pieces at shops.

Inventory:

Armour
 f - the +3 crown of Dyrovepreva (worn) {rElec Int+2 SInv}
   (You bought it in a shop on level 4 of the Snake Pit)

   Int:       It affects your intelligence (+2).
   rElec:     It insulates you from electricity.
   SInv:      It lets you see invisible.
 i - the +4 skin of Zhor {*Englaciate rC+++ SInv}
   (You took it off a deep elf pyromancer on level 3 of the Elven Halls)

   It radiates cold, occasionally slowing all nearby creatures who are not
   resistant to cold.
   rC:        It renders you almost immune to cold.
   SInv:      It lets you see invisible.
 o - a scarf of resistance (worn)
 v - the +0 pair of boots "Ymum" (worn) {Regen+ Int+2 Dex+2}
   (You found it on level 3 of the Crypt)

   Int:       It affects your intelligence (+2).
   Dex:       It affects your dexterity (+2).
   Regen:     It increases your rate of health regeneration.
 D - the +2 pair of gloves of the Hall of Blades (worn) {+Blink Int+3 Dex+2}
   (You found it on level 3 of the Crypt)

   Int:       It affects your intelligence (+3).
   Dex:       It affects your dexterity (+2).
   +Blink:    It lets you blink.
 N - a +4 kite shield of fire resistance (worn)
 W - a +2 robe of the Archmagi (worn)
Magical Staves
 a - a staff of earth (weapon)
 b - a staff of conjuration
Jewellery
 q - the amulet of Vitality (around neck) {RegenMP++ Regen++}
   (You acquired it on level 8 of the Dungeon)

   [amulet of magic regeneration]

   It increases your rate of magic regeneration.
   Regen:     It increases your rate of health regeneration.
 z - the ring "Hyizan" (left hand) {rPois rN+ Dex+3 Slay-4 Stlth+}
   (You found it on level 3 of the Crypt)

   [ring of positive energy]

   Dex:       It affects your dexterity (+3).
   Slay:      It affects your accuracy & damage with ranged weapons and melee
   (-4).
   rPois:     It protects you from poison.
   rN:        It protects you from negative energy.
   Stlth:     It makes you more stealthy.
 J - the ring of Dusel (right hand) {rElec rCorr Str+6 Dex+7}
   (You found it on level 5 of the Lair of Beasts)

   [ring of strength]

   Str:       It affects your strength (+6).
   Dex:       It affects your dexterity (+7).
   rElec:     It insulates you from electricity.
   rCorr:     It protects you from acid and corrosion.
 M - the ring of Fukanex {rC+ Will+ Int+4}
   (You took it off an imperial myrmidon in the Desolation of Salt)

   [ring of willpower]

   Int:       It affects your intelligence (+4).
   rC:        It protects you from cold.
   Will:      It increases your willpower.
Wands
 I - a wand of digging (17)
 K - a wand of acid (34)
Scrolls
 d - 26 scrolls of teleportation
 e - a scroll of enchant weapon
 p - 14 scrolls of fear
 B - 10 scrolls of butterflies
 C - 2 scrolls of summoning
 G - 14 scrolls of poison
 S - 6 scrolls of magic mapping
 T - 14 scrolls of blinking
Potions
 c - 26 potions of curing
 h - 6 potions of resistance
 k - 14 potions of heal wounds
 n - 15 potions of might
 s - a potion of berserk rage
 w - 3 potions of invisibility
 E - 3 potions of attraction
 H - 7 potions of magic
 R - 15 potions of haste
Miscellaneous
 r - the horn of Geryon
 t - a tin of tremorstones (2/2)
 U - a phantom mirror
 V - a phial of floods


   Skills:
 + Level 20.3 Fighting
 - Level 8.0(10.5) Maces & Flails
 - Level 10.9(12.0) Staves
 + Level 18.7 Dodging
 - Level 2.8 Stealth
 - Level 14.4 Shields
 + Level 24.9 Spellcasting
 + Level 25.4 Conjurations
 - Level 3.0 Summonings
 - Level 2.3 Transmutations
 * Level 18.0 Fire Magic
 - Level 24.4 Earth Magic
 + Level 14.9 Evocations


You had 3 spell levels left.
You knew the following spells:

 Your Spells              Type           Power      Damage    Failure   Level
a - Sandblast             Erth           100%       2d20      0%          1
b - Iron Shot             Conj/Erth      84%        9d15      0%          6
c - Petrify               Tmut/Erth      100%       N/A       1%          4
d - Flame Wave            Conj/Fire      100%       2d21      0%          4
e - Lee's Rapid Deconstr  Erth           84%        3d38*     0%          5
f - Passwall              Tmut/Erth      100%       N/A       0%          2
g - Orb of Destruction    Conj           72%        9d17      1%          7
h - Fireball              Conj/Fire      68%        3d26      0%          5
i - Lehudib's Crystal Sp  Conj/Erth      84%        10d19     1%          8
j - Shatter               Erth           84%        3d61*     1%          9
k - Blink                 Tloc           100%       N/A       1%          2
l - Spellforged Servitor  Conj/Summ      59%        N/A       1%          7
m - Swiftness             Air            59%        N/A       3%          3
n - Fire Storm            Conj/Fire      68%        8d17      4%          9

Your spell library contained the following spells:

 Spells                   Type           Power      Damage    Failure   Level
 Maxwell's Capacitive Co  Air            29%        ∞         100%        8
 Polar Vortex             Ice            29%        N/A       100%        9
 Foxfire                  Conj/Fire      100%       2x1d9     0%          1
 Shock                    Conj/Air       100%       1d9       0%          1
 Scorch                   Fire           100%       2d10      0%          2
 Static Discharge         Conj/Air       100%       3-16/arc  0%          2
 Conjure Flame            Conj/Fire      100%       6-21      0%          3
 Dazzling Flash           Conj/Hex       100%       N/A       0%          3
 Stone Arrow              Conj/Erth      100%       3d13      0%          3
 Apportation              Tloc           100%       N/A       1%          1
 Beastly Appendage        Tmut           100%       N/A       1%          1
 Freeze                   Ice            100%       1d11      1%          1
 Slow                     Hex            100%       N/A       1%          1
 Ensorcelled Hibernation  Hex/Ice        100%       N/A       1%          2
 Poisonous Vapours        Pois/Air       100%       N/A       1%          2
 Wereblood                Tmut           72%        N/A       1%          2
 Call Canine Familiar     Summ           76%        N/A       1%          3
 Frozen Ramparts          Ice            100%       1d16      1%          3
 Ignite Poison            Fire/Tmut/Pois 93%        N/A       1%          3
 Inner Flame              Hex/Fire       100%       N/A       1%          3
 Spider Form              Tmut/Pois      66%        N/A       1%          3
 Summon Guardian Golem    Hex/Summ       68%        N/A       1%          3
 Confusing Touch          Hex            59%        N/A       3%          3
 Gell's Gravitas          Tloc           59%        N/A       3%          3
 Lesser Beckoning         Tloc           59%        N/A       3%          3
 Ozocubu's Armour         Ice            59%        N/A       3%          3
 Portal Projectile        Hex/Tloc       100%       N/A       3%          3
 Teleport Other           Tloc           59%        N/A       3%          3
 Tukima's Dance           Hex            59%        N/A       3%          3
 Vampiric Draining        Necr           59%        2d10      3%          3
 Sticky Flame             Conj/Fire      100%       2d11      0%          4
 Iskenderun's Battlesphe  Conj           100%       2d15      0%          5
 Starburst                Conj/Fire      68%        6d18      0%          6
 Animate Armour           Summ/Erth      100%       N/A       1%          4
 Hailstorm                Conj/Ice       100%       3d20      1%          4
 Iskenderun's Mystic Bla  Conj/Tloc      100%       2d19      1%          4
 Leda's Liquefaction      Hex/Erth       68%        N/A       1%          4
 Borgnjor's Vile Clutch   Necr/Erth      68%        N/A       1%          5
 Irradiate                Conj/Tmut      58%        3d31      1%          5
 Lightning Bolt           Conj/Air       57%        1d79      1%          5
 Ignition                 Fire           64%        3d17      1%          8
 Airstrike                Air            29%        2d(5-21)  3%          4
 Summon Lightning Spire   Summ/Air       68%        N/A       5%          4
 Yara's Violent Unravell  Hex/Tmut       33%        3d14      5%          5
 Anguish                  Hex/Necr       29%        N/A       11%         4
 Animate Dead             Necr           59%        N/A       11%         4
 Cause Fear               Hex            29%        N/A       11%         4
 Corpse Rot               Necr/Pois/Air  59%        N/A       11%         4
 Dispel Undead            Necr           59%        3d21      11%         4
 Passage of Golubria      Tloc           59%        N/A       11%         4
 Blade Hands              Tmut           36%        N/A       11%         5
 Summon Forest            Summ/Tloc      34%        N/A       16%         5
 Alistair's Intoxication  Tmut/Pois      44%        N/A       19%         5
 Eringya's Noxious Bog    Tmut/Pois      33%        N/A       24%         6
 Manifold Assault         Tloc           59%        N/A       28%         5
 Silence                  Hex/Air        29%        N/A       28%         5
 Summon Cactus Giant      Summ           38%        N/A       43%         6
 Chain Lightning          Conj/Air       57%        3d76      78%         9
 Death Channel            Necr           29%        N/A       85%         6
 Dispersal                Tloc           29%        N/A       85%         6
 Simulacrum               Ice/Necr       29%        N/A       85%         6
 Ozocubu's Refrigeration  Ice            29%        4d14      88%         7
 Summon Hydra             Summ           38%        N/A       95%         7
 Dragon Form              Tmut           36%        N/A       98%         7
 Malign Gateway           Summ/Tloc      34%        N/A       99%         7
 Storm Form               Tmut/Air       33%        N/A       99%         7
 Enfeeble                 Hex            29%        N/A       100%        7
 Borgnjor's Revivificati  Necr           29%        N/A       100%        8
 Disjunction              Tloc           29%        N/A       100%        8
 Necromutation            Tmut/Necr      33%        N/A       100%        8
 Summon Horrible Things   Summ           38%        N/A       100%        8
 Death's Door             Necr           29%        N/A       100%        9
 Dragon's Call            Summ           38%        N/A       100%        9
 Sublimation of Blood     Necr           Unusable   N/A       N/A         2

Dungeon Overview and Level Annotations

Branches:
Dungeon (15/15)            Temple (1/1) D:5            Lair (5/5) D:11
 Shoals (4/4) Lair:2        Snake (4/4) Lair:2        Slime (5/5) Lair:4
    Orc (2/2) D:9             Elf (3/3) Orc:2        Vaults (5/5) D:13
  Crypt (3/3) Vaults:2       Tomb (0/3) Crypt:3      Depths (4/4) D:15
   Hell (visited)             Dis (0/7) Hell            Geh (7/7) Hell
    Coc (2/7) Hell            Tar (0/7) Hell            Zot (5/5) Depths:4
Ossuary (visited)          Bailey (visited)         Volcano (visited)
 WizLab (visited)         Desolation (visited)

Altars:
Ashenzari
Cheibriados
Dithmenos
Elyvilon
Fedhas
Gozag
Hepliaklqana
Kikubaaqudgha
Makhleb
Nemelex Xobeh
Okawaru
Qazlal
Ru
Sif Muna
Trog
Uskayaw
Vehumet
Wu Jian
Xom
Yredelemnul
Zin
The Shining One
Jiyva

Shops:
D:12 =   D:14 *([(   Orc:2 =(*[   Snake:1 *   Snake:2 ([:(*   Snake:4 [(:*(
Vaults:5 ![:[

Portals:
Hell: Depths:1 Depths:2 Depths:3 Depths:4
Abyss: Depths:2 Depths:3
Pandemonium: Depths:1 Depths:2 Depths:3 Depths:4
Ziggurat: Depths:4


Innate Abilities, Weirdness & Mutations

You are immune to sickness and miasma.
Your stone body is resilient. (AC +20)
You are immune to poison.
Your large and strong wings let you fly.
You resist negative energy. (rN+)
You are resistant to electric shocks. (rElec)
You are resistant to unholy torment.
You are immune to petrification.
You possess an exceptional clarity of mind.
Your flesh is heat resistant. (rF+)
You are strong-willed. (Will+)
You frequently scream uncontrollably at your foes.


Message History

(Y) Tartarus (Z) Zot
Where to? (Enter - D:1, ? - help)
A smoke demon comes into view.
You feel a strong surge of power!
The iron shot hits the smoke demon!!!
You kill the smoke demon!
Vehumet accepts your kill.
You feel your power returning.
(D) Dungeon (T) Temple (L) Lair (A) Shoals (P) Snake Pit (M) Slime Pits (O) Orcish Mines (E) Elven Halls (V) Vaults (C) Crypt (W) Tomb (U) Depths (H) Hell (I) Dis (G) Gehenna (X) Cocytus (Y) Tartarus (Z) Zot
Where to? (Enter - D:1, ? - help) Magic restored.
You scream at the sun demon!
A sun demon comes into view.
There is an open door here.
The sun demon moves out of view.
There is a stone staircase leading up here.
You fly upwards.
There is a stone staircase leading down here.
(D) Dungeon (T) Temple (L) Lair (A) Shoals (P) Snake Pit (M) Slime Pits (O) Orcish Mines (E) Elven Halls (V) Vaults (C) Crypt (W) Tomb (U) Depths (H) Hell (I) Dis (G) Gehenna (X) Cocytus (Y) Tartarus (Z) Zot
Where to? (Enter - D:1, ? - help)
There is a stone staircase leading up here.
You fly upwards.
There is a stone staircase leading down here.
There is a stone staircase leading up here.
You fly upwards.
There is a stone staircase leading down here.
There is a stone staircase leading up here.
You fly upwards.
There is a stone staircase leading down here.
You see here a rat skeleton.
There is an open door here.
There is a staircase leading out of the dungeon here.
You have escaped!

.........≈≈≈######## #.#
######.............####.#
# #.##...............# #
#.#####.........##.# #
#.# #.........##.# # #.#
#...###...##.#
######.#####..##.##..##.#
..............#...#..##.#
######
.#####.#####..+.@.'..##.#
#..... .#
#........#...#..##.#
#.#### .#
#..####..##.##..##.# #.#
.#####..###....###...##.#
#.#
........##...........##.#
#.#
.#####...............##.#
#.# .##
#####..............#
#.#### ..##
##...#########.# #...÷.
...#########.##
#.#########


There were no monsters in sight!

Vanquished Creatures
  Asmodeus (Geh:7)
  the Royal Jelly (Slime:5)
  the Serpent of Hell (Geh:7)
  4 dread liches
  6 orbs of fire
  6 ancient liches
  5 juggernauts
  Sojobo (Vaults:3)
  Frederick (Crypt:3)
  2 curse toes
  Margery (Vaults:2)
  10 Killer Klowns
  Vashnia (Snake:3)
  the Enchantress (Depths:2)
  2 profane servitors (Abyss:3)
  Geryon (Hell)
  Nikola (Depths:2)
  12 golden dragons
  Jory (Vaults:4)
  4 bone dragons
  6 Brimstone Fiends
  4 iron giants (Geh:5)
  7 hellephants
  3 doom hounds (Zot:3)
  3 electric golems
  A walking crystal tome (Depths:3)
  4 Ice Fiends
  14 tentacled monstrosities
  A Hell Sentinel (Zot:5)
  21 searing wretches
  8 liches
  Zenata (Vaults:4)
  4 deep elf master archers
  11 titans
  A shard shrike skeleton (Abyss:3)
  25 Orb Guardians (Zot:5)
  Grunn (Zot:3)
  A tainted leviathan (Geh:5)
  3 deep elf blademasters
  6 death cobs
  6 quicksilver dragons
  A kraken (Shoals:2)
  An eldritch tentacle (WizLab)
  18 tentacled starspawn
  21 acid blobs
  6 sphinxes
  7 ancient champions
  Agnes (D:15)
  Polyphemus (Shoals:3)
  Donald (Elf:3)
  11 tengu reavers
  11 rockslimes
  2 draconian monks
  13 shadow dragons
  17 storm dragons
  14 azure jellies
  5 nagarajas (Snake:4)
  9 draconian knights
  30 fire giants
  The ghost of mif the Severer, a journeyman MiBe of Trog (Snake:3)
  2 imperial myrmidons (Desolation)
  A fire giant (shapeshifter) (Depths:4)
  3 orc warlords
  16 vault wardens
  4 draconian shifters
  3 narguns
  3 iron dragons
  4 ghost moths
  2 cacodemons (Abyss:3)
  A ghost moth (shapeshifter) (Vaults:5)
  10 deep elf sorcerers
  4 deep elf elementalists (Elf:3)
  3 draconian scorchers
  2 angels (Vaults:3)
  12 frost giants
  27 balrugs
  2 demonspawn corrupters (Zot:5)
  8 draconian annihilators
  5 draconian stormcallers
  8 ghouls
  5 spriggan defenders
  A curse skull (Crypt:1)
  13 stone giants
  9 war gargoyles
  31 very ugly things
  4 quicksilver oozes
  4 reapers (Hell)
  18 ironbound preservers
  9 ironbound thunderhulks
  A caustic shrike skeleton (Depths:1)
  A juggernaut skeleton (Depths:2)
  7 deep elf demonologists
  Azrael (D:15)
  15 green draconians
  15 vampire knights
  Nessos (D:13)
  An elemental wellspring (Coc:1)
  8 white draconians
  7 deep elf annihilators
  3 lorocyprocas
  18 black draconians
  5 spark wasps
  7 yellow draconians
  3 wendigos (Coc:2)
  A bunyip (shapeshifter) (Depths:1)
  2 halazid warlocks (Desolation)
  3 entropy weavers
  8 red draconians
  12 purple draconians
  12 dire elephants
  7 crystal guardians
  A blizzard demon (D:15)
  5 eidola
  8 ettins
  2 iron golems (Hell)
  A merfolk javelineer (Shoals:4)
  2 green deaths
  10 deep elf death magi
  Snorg (D:13)
  2 jiangshi (Crypt:2)
  3 deep elf high priests
  18 yaktaur captains
  6 salamander tyrants
  11 great orbs of eyes
  14 merfolk impalers
  10 hydras
  2 ragged hierophants (Desolation)
  6 fire dragons
  40 vault guards
  Josephine (D:12)
  6 rakshasas
  2 servants of whispers (Desolation)
  8 peacekeepers
  13 ice dragons
  A juggernaut simulacrum (Coc:1)
  4 caustic shrike simulacra
  7 spriggan air magi
  5 boulder beetles
  A spriggan skeleton (Abyss:3)
  4 catoblepae
  Erolcha (D:12)
  2 ogre magi
  6 merfolk avatars
  7 ironbound frosthearts
  7 merfolk aquamancers
  7 two-headed ogres
  2 alligator snapping turtles
  9 naga warriors
  12 anacondas
  A death knight (Crypt:1)
  51 hell hogs
  2 satyrs
  20 centaur warriors
  9 deep troll earth magi
  38 dancing weapons
  7 stokers
  21 thrashing horrors
  7 deep troll shamans
  A storm dragon zombie (Crypt:3)
  2 titan zombies
  5 vampire magi
  4 orc high priests
  15 naga sharpshooters
  The ghost of Skysoldier the Slicer, a journeyman VSFi of Okawaru (D:11)
  14 death yaks
  4 tengu warriors
  4 shock serpents
  4 spriggan berserkers
  A crystal echidna (Hell)
  18 deep elf knights
  A titan skeleton (Crypt:3)
  8 wretched stars
  10 soul eaters
  6 sun demons
  25 hell knights
  8 salamander mystics
  3 sixfirhies
  2 shadow wraiths (Hell)
  7 iron trolls
  A quicksilver dragon simulacrum (Coc:1)
  12 sea snakes
  A spatial maelstrom (Abyss:3)
  A flayed ghost (Crypt:2)
  3 shadow demons
  Lodul (D:11)
  19 skeletal warriors
  15 deep elf archers
  A sea snake (shapeshifter) (Depths:1)
  44 deep trolls
  33 starcursed masses
  6 glowing orange brains
  An orb spider (shapeshifter) (Vaults:5)
  A spectral anaconda (Lair:5)
  A lindwurm (shapeshifter) (Vaults:5)
  3 naga ritualists
  A deep troll (shapeshifter) (Elf:2)
  3 anaconda zombies
  A shadow dragon zombie (Crypt:3)
  An obsidian statue (WizLab)
  A fenstrider witch simulacrum (Coc:1)
  4 bog bodies
  A glowing orange brain (shapeshifter) (Vaults:5)
  28 ironbound convokers
  15 lindwurms
  14 orc knights
  19 necromancers
  A sphinx zombie (Depths:2)
  3 orange crystal statues
  2 kraken simulacra
  15 phantasmal warriors
  35 harpies
  10 wizards
  A golden dragon skeleton (Depths:1)
  13 deep elf pyromancers
  6 shining eyes
  36 deep elf zephyrmancers
  3 anaconda skeletons
  5 orc sorcerers
  A frost giant zombie (Depths:1)
  A faun (shapeshifter) (Abyss:3)
  6 mana vipers
  A wolf spider (Vaults:5)
  30 ugly things
  A wolf spider (shapeshifter) (Vaults:5)
  2 draconians (Abyss:3)
  12 fauns
  An iron dragon zombie (Abyss:1)
  17 salamanders
  3 worldbinders (Abyss:3)
  7 cyclopes
  3 will-o-the-wisps
  14 manticores
  2 human skeletons
  21 moths of wrath
  25 black mambas
  A fire giant skeleton (Depths:2)
  A guardian serpent (shapeshifter) (Vaults:5)
  5 ice statues
  4 eyes of devastation
  3 guardian serpents
  A spectral shock serpent (Snake:3)
  12 vault sentinels
  A dire elephant zombie (Crypt:3)
  15 elephants
  3 orange demons
  17 naga magi
  15 water nymphs
  15 merfolk sirens
  A stone giant skeleton (Vaults:3)
  4 apocalypse crabs
  A gargoyle (D:10)
  An elf zombie (Vaults:3)
  Psyche (D:9)
  17 cane toads
  11 smoke demons
  2 titan simulacra
  4 molten gargoyles (D:9)
  3 unseen horrors
  A komodo dragon (shapeshifter) (Depths:3)
  2 sea snake zombies (Hell)
  31 yaktaurs
  A black draconian zombie (Crypt:1)
  8 rime drakes
  2 dire elephant skeletons (Lair:5)
  12 ice devils
  3 kobold demonologists
  8 freezing wraiths
  A yaktaur zombie (Vaults:3)
  7 komodo dragons
  5 efreet
  9 hellions
  6 tengu conjurers
  7 hellwings
  A bunyip simulacrum (Coc:2)
  7 tormentors
  2 hydra zombies (Hell)
  A guardian mummy (Zot:1)
  2 red devils
  12 ancient zymes
  An anaconda simulacrum (Hell)
  A tyrant leech (shapeshifter) (Abyss:3)
  2 harpy zombies
  2 polar bears
  A meliai (shapeshifter) (Abyss:3)
  2 harpy skeletons
  30 merfolk
  A hornet (shapeshifter) (Elf:2)
  Grinder (D:6)
  7 trolls
  137 slime creatures
  27 saltlings (Desolation)
  6 hornets
  24 raiju
  A spectral naga (Snake:3)
  A wind drake (Shoals:2)
  A fire dragon zombie (Crypt:3)
  18 dream sheep
  A tarantella (Vaults:2)
  A boulder beetle zombie (Crypt:2)
  A spectral elephant (Lair:5)
  4 hydra skeletons
  19 blink frogs
  An iron dragon simulacrum (Depths:1)
  33 large abominations
  10 snapping turtles
  A jumping spider (shapeshifter) (D:15)
  2 shock serpent simulacra (Snake:3)
  3 air elementals
  3 ettin skeletons
  46 flying skulls
  3 vampires
  10 spriggans
  42 yaks
  11 wraiths
  10 ynoxinuls (Abyss:3)
  16 water elementals
  11 wyverns
  2 steam dragons (Volcano)
  A dire elephant simulacrum (Lair:5)
  9 basilisks
  4 fire elementals
  A human (shapeshifter) (Elf:2)
  11 golden eyes
  3 chaos spawn
  2 death yak simulacra (Lair:5)
  4 redbacks
  A spectral salamander (Snake:3)
  7 neqoxecs
  2 harpy simulacra
  6 spatial vortices (WizLab)
  A spectral cane toad (Lair:5)
  9 vampire mosquitoes
  A demonspawn zombie (Abyss:3)
  3 wargs
  29 nagas
  11 hell hounds
  2 floating eyes
  13 water moccasins
  An ice beast (Abyss:3)
  3 naga skeletons (Crypt:3)
  3 black bears
  48 orc warriors
  15 ogres
  A cane toad skeleton (Crypt:1)
  6 boggarts
  A black mamba simulacrum (Snake:3)
  5 centaurs
  4 elephant zombies
  9 wolves
  An elephant skeleton (Crypt:2)
  2 swamp dragon skeletons (Crypt:2)
  A phantom (D:4)
  12 kobold brigands
  A komodo dragon zombie (Lair:4)
  11 bullfrogs
  3 gnoll sergeants
  A water moccasin zombie (Crypt:1)
  8 necrophages
  7 scorpions
  A cane toad simulacrum (Lair:5)
  22 small abominations
  5 earth elementals
  A cyclops skeleton (Crypt:2)
  5 wights (D:9)
  A wyvern skeleton (Crypt:1)
  A water moccasin skeleton (Crypt:2)
  15 killer bees
  A troll skeleton (Crypt:1)
  3 naga simulacra
  4 electric eels (Lair:4)
  5 howler monkeys
  6 quasits (Abyss:3)
  A salamander simulacrum (Snake:3)
  A crimson imp (Abyss:3)
  A basilisk zombie (Lair:4)
  3 centaur zombies (Ossuary)
  2 hounds (D:6)
  3 bullfrog zombies (Ossuary)
  A jelly (D:8)
  Crazy Yiuf (D:3)
  30 orc priests
  5 iron imps
  7 iguanas
  30 orc wizards
  17 hell rats
  2 boggart skeletons (Crypt:1)
  An ogre zombie (Ossuary)
  A boggart simulacrum (D:14)
  A mummy (Ossuary)
  A howler monkey zombie (Crypt:2)
  Robin (D:3)
  25 gnolls
  9 adders
  A shadow imp (D:7)
  A white imp (Abyss:3)
  3 ufetubi
  4 adder zombies (Ossuary)
  3 worms
  2 dart slugs
  108 orcs
  6 ball pythons
  9 endoplasms
  8 giant cockroaches
  23 goblins
  25 hobgoblins
  5 jackals
  17 kobolds
  2 quokkas (D:1)
  A river rat zombie (Crypt:2)
  A ball python skeleton (Crypt:1)
  8 bats
  A frilled lizard (D:1)
  5 gnoll zombies (Ossuary)
  3 goblin zombies (Ossuary)
  3 hobgoblin zombies (Ossuary)
  An orc zombie (Ossuary)
  7 rats
  7 creeping infernos
  46 fire vortices
  A lurking horror (Abyss:3)
  15 starspawn tentacles
  3 tentacles (Shoals:2)
3323 creatures vanquished.

Vanquished Creatures (collateral kills)
  A Brimstone Fiend (Geh:7)
  2 acid blobs (Slime:5)
  An azure jelly (Slime:5)
  A rockslime (Slime:5)
  2 quicksilver oozes (Slime:5)
  A salamander tyrant (Geh:7)
  A skeletal warrior (Crypt:1)
  A shining eye (Slime:5)
  A tormentor (Geh:7)
11 creatures vanquished.

Vanquished Creatures (others)
  A hellephant (Geh:2)
  A fire giant (Geh:7)
  A bush (Lair:3)
  3 creeping infernos
  5 fire vortices
  41 fungi
  111 plants
  13 starspawn tentacles
  4 tentacles (Shoals:2)
  38 withered plants (Lair:5)
218 creatures vanquished.

Grand Total: 3552 creatures vanquished

Notes
Turn   | Place    | Note
-------+----------+-------------------------------------------
     0 | D:1      | malesh the Gargoyle Earth Elementalist began the quest for
                  | the Orb.
     0 | D:1      | Reached XP level 1. HP: 10/10 MP: 3/3
   236 | D:1      | Reached skill level 1 in Transmutations
   236 | D:1      | Reached XP level 2. HP: 15/15 MP: 1/5
   646 | D:1      | Reached XP level 3. HP: 19/19 MP: 4/6
   925 | D:1      | Found a faded altar of an unknown god.
  1241 | D:1      | Learned a level 3 spell: Stone Arrow
  1752 | D:2      | Identified the +7 dagger of Chance {freeze, rCorr Dex+3}
  1830 | D:2      | Reached XP level 4. HP: 24/24 MP: 3/7
  2452 | D:3      | Learned a level 4 spell: Petrify
  2546 | D:3      | Found a runed translucent door.
  2547 | D:3      | Noticed Crazy Yiuf
  2645 | D:3      | Reached skill level 1 in Conjurations
  2769 | D:3      | Reached XP level 5. HP: 28/28 MP: 0/9
  3058 | D:3      | Noticed Robin
  3225 | D:3      | Killed Robin
  3711 | D:3      | Killed Crazy Yiuf
  3712 | D:3      | Reached skill level 5 in Earth Magic
  3863 | D:4      | Found a sand-covered staircase.
  3877 | D:4      | Reached XP level 6. HP: 24/32 MP: 4/10
  3880 | D:4      | Reached skill level 2 in Conjurations
  3902 | Ossuary  | Entered an ossuary
  4295 | Ossuary  | Reached XP level 7. HP: 24/36 MP: 2/12
  4311 | Ossuary  | Reached skill level 1 in Staves
  4566 | Ossuary  | Noticed a silent spectre
  4852 | D:4      | Reached skill level 3 in Conjurations
  4858 | D:4      | Reached skill level 1 in Shields
  5017 | D:4      | Reached XP level 8. HP: 28/41 MP: 8/14
  5388 | D:5      | Entered Level 5 of the Dungeon
  5421 | D:5      | Found a staircase to the Ecumenical Temple.
  5431 | Temple   | Entered the Ecumenical Temple
  5445 | Temple   | Became a worshipper of Vehumet
  5636 | D:5      | Reached skill level 5 in Spellcasting
  5730 | D:5      | Noticed a yak
  5731 | D:5      | Noticed a yak
  5734 | D:5      | Noticed a yak
  5752 | D:4      | Killed a yak
  5965 | D:5      | Killed a yak
  5966 | D:5      | Reached skill level 1 in Maces & Flails
  5966 | D:5      | Reached XP level 9. HP: 21/45 MP: 11/18
  6449 | D:6      | Noticed Grinder
  6454 | D:6      | Killed Grinder
  6620 | D:6      | Reached skill level 10 in Earth Magic
  6750 | D:6      | Reached * piety under Vehumet
  6750 | D:6      | Offered knowledge of Magic Dart by Vehumet.
  7406 | D:7      | Reached skill level 1 in Fighting
  7911 | D:7      | Reached XP level 10. HP: 53/53 MP: 20/20
  8148 | D:7      | Reached skill level 4 in Conjurations
  8166 | D:7      | Offered knowledge of Poisonous Vapours by Vehumet.
  8168 | D:7      | Reached ** piety under Vehumet
  8738 | D:8      | Noticed a two-headed ogre
  8746 | D:8      | Killed a two-headed ogre
  9062 | D:8      | Found an ancient bone altar of Kikubaaqudgha.
  9091 | D:8      | Noticed a two-headed ogre
  9522 | D:8      | Reached skill level 5 in Conjurations
  9527 | D:8      | Identified a scroll of acquirement
  9528 | D:8      | Acquired the amulet of Vitality {RegenMP++ Regen++}
  9528 | D:8      | Found the amulet of Vitality {RegenMP++ Regen++}
  9723 | D:8      | Found an opulent altar of Gozag.
  9810 | D:8      | Killed a two-headed ogre
  9811 | D:8      | Reached XP level 11. HP: 60/60 MP: 22/22
 10047 | D:9      | Offered knowledge of Scorch by Vehumet.
 10048 | D:9      | Reached skill level 5 in Dodging
 10177 | D:9      | Noticed Psyche
 10183 | D:9      | Killed Psyche
 10245 | D:9      | Reached skill level 5 in Shields
 10253 | D:9      | Reached *** piety under Vehumet
 10288 | D:9      | Found a flagged portal.
 10297 | Bailey   | Entered a bailey
 10370 | Bailey   | Offered knowledge of Flame Wave by Vehumet.
 10590 | Bailey   | Learned a level 4 spell: Flame Wave
 10621 | Bailey   | Reached **** piety under Vehumet
 10688 | Bailey   | Offered knowledge of Iskenderun's Battlesphere by Vehumet.
 10727 | Bailey   | Noticed an orc warlord
 10847 | D:9      | Reached skill level 1 in Fire Magic
 11005 | D:9      | Found a staircase to the Orcish Mines.
 11118 | D:9      | Reached skill level 6 in Conjurations
 11159 | D:9      | Found an ornate altar of the Wu Jian Council.
 11213 | D:10     | Entered Level 10 of the Dungeon
 11301 | D:10     | Found a shimmering blue altar of Sif Muna.
 11301 | D:10     | Found a shimmering altar of Xom.
 11301 | D:10     | Found a sparkling altar of Nemelex Xobeh.
 11303 | D:10     | Noticed a red ugly thing
 11307 | D:10     | Found a transporter.
 11307 | D:10     | Noticed a boulder beetle
 11353 | D:10     | Found a transporter.
 11567 | D:10     | Reached ***** piety under Vehumet
 11567 | D:10     | Offered knowledge of Freezing Cloud by Vehumet.
 11606 | D:10     | Identified the +1 hand axe of the Three Bounties {vorpal,
                  | Fragile rPois Int+3 Stlth+}
 11643 | D:10     | Found a glowing golden altar of the Shining One.
 11911 | D:11     | Noticed a manticore
 11911 | D:11     | Noticed Lodul
 11927 | D:11     | Killed a manticore
 11928 | D:11     | Reached XP level 12. HP: 56/68 MP: 24/24
 12101 | D:11     | Found a runed translucent gate.
 12101 | D:11     | Noticed Skysoldier's ghost (journeyman VSFi)
 12144 | D:11     | Noticed a four-headed hydra
 12148 | D:11     | Killed a four-headed hydra
 12170 | D:11     | Noticed a two-headed ogre
 12180 | D:11     | Killed a two-headed ogre
 12208 | D:11     | Found a runed translucent gate.
 12208 | D:11     | Found a runed translucent gate.
 12356 | D:11     | Killed Lodul
 12357 | D:11     | Reached skill level 7 in Conjurations
 12360 | D:11     | Noticed a two-headed ogre
 12372 | D:11     | Killed a two-headed ogre
 12395 | D:11     | Found a staircase to the Lair.
 12618 | D:12     | Found Inkex's Jewellery Boutique.
 12867 | D:12     | Noticed a five-headed hydra
 12885 | D:12     | Killed a five-headed hydra
 12886 | D:12     | Reached skill level 5 in Fighting
 12921 | D:12     | Noticed Josephine
 13059 | D:12     | Noticed Erolcha
 13070 | D:12     | Killed Erolcha
 13201 | D:12     | Killed Josephine
 13202 | D:12     | Reached skill level 5 in Maces & Flails
 13362 | D:12     | Reached XP level 13. HP: 67/72 MP: 26/26
 13497 | D:12     | Reached skill level 8 in Conjurations
 13497 | D:12     | Reached skill level 5 in Fire Magic
 13618 | D:13     | Noticed Nessos
 13637 | D:13     | Killed Nessos
 13681 | D:13     | Found a gate to the Vaults.
 13681 | D:13     | Noticed a vault guard
 13681 | D:13     | Noticed a vault guard
 13681 | D:13     | Noticed a vault guard
 13681 | D:13     | Noticed a vault guard
 13681 | D:13     | Noticed a vault guard
 13681 | D:13     | Noticed a vault guard
 13681 | D:13     | Noticed a vault guard
 13682 | D:13     | Noticed a vault guard
 13797 | Lair:1   | Entered Level 1 of the Lair of Beasts
 14003 | Lair:1   | Found the +2 hat of the Bear Spirit {Spirit, *Rage Will++}
 14042 | Lair:1   | Offered knowledge of Lee's Rapid Deconstruction by Vehumet.
 14091 | Lair:1   | Learned a level 5 spell: Lee's Rapid Deconstruction
 14094 | Lair:1   | Learned a level 2 spell: Passwall
 14105 | Lair:1   | Found a broken altar of Ashenzari.
 14231 | D:11     | Reached skill level 9 in Conjurations
 14479 | Lair:1   | Reached skill level 10 in Spellcasting
 14509 | Lair:1   | Learned a level 3 spell: Inner Flame
 14751 | Lair:2   | Found a staircase to the Shoals.
 14991 | Lair:2   | You fall into a shaft and drop 1 floor!
 15198 | Lair:2   | Found a staircase to the Snake Pit.
 15251 | Lair:2   | Gained mutation: Your large and strong wings let you fly.
                  | [Gargoyle growth]
 15251 | Lair:2   | Reached XP level 14. HP: 52/80 MP: 24/28
 15769 | Lair:3   | Offered knowledge of Fireball by Vehumet.
 15776 | Lair:3   | Learned a level 5 spell: Fireball
 16036 | Lair:4   | Found a staircase to the Slime Pits.
 16036 | Lair:4   | Found a viscous altar of Jiyva.
 16235 | Lair:4   | Reached skill level 10 in Conjurations
 16348 | Lair:4   | Identified the +4 quarterstaff of Deformation {pain, +Blink
                  | rPois Will- Int+2}
 16938 | Lair:5   | Entered Level 5 of the Lair of Beasts
 16946 | Lair:5   | Noticed a dire elephant
 16946 | Lair:5   | Noticed a dire elephant
 16946 | Lair:5   | Noticed a dire elephant
 16948 | Lair:5   | Noticed a dire elephant
 17569 | Lair:5   | Offered knowledge of Starburst by Vehumet.
 17607 | Lair:5   | Reached skill level 15 in Earth Magic
 17618 | Lair:5   | Reached XP level 15. HP: 86/86 MP: 30/30
 17720 | Lair:5   | Reached skill level 11 in Conjurations
 18096 | Lair:5   | Identified the +0 spear "Beetleslayer" {elec, rPois}
 18160 | Lair:5   | Got the Tome of the Brume
 18168 | Lair:5   | Learned a level 6 spell: Iron Shot
 18764 | Lair:5   | Identified the ring of Dusel {rElec rCorr Str+6 Dex+7}
 18947 | Orc:1    | Entered Level 1 of the Orcish Mines
 18992 | Orc:1    | Found a dark tunnel.
 19008 | Volcano  | Entered a volcano
 19137 | Volcano  | Found the +2 cloak of the Thief {*Fog Slay-2 SInv Stlth+}
 19301 | Orc:1    | Offered knowledge of Irradiate by Vehumet.
 19578 | Orc:2    | Entered Level 2 of the Orcish Mines
 19578 | Orc:2    | Found a staircase to the Elven Halls.
 20555 | Orc:2    | Learned a level 5 spell: Irradiate
 20572 | Orc:2    | Noticed an orc warlord
 20597 | Orc:2    | Killed an orc warlord
 20614 | Orc:2    | Reached skill level 12 in Conjurations
 20676 | Orc:2    | Reached ****** piety under Vehumet
 20700 | Orc:2    | Offered knowledge of Orb of Destruction by Vehumet.
 20773 | Orc:2    | Reached XP level 16. HP: 94/94 MP: 32/32
 20832 | Orc:2    | Found Nuamuts's Antique Armour Shop.
 20833 | Orc:2    | Found Toox's Antique Weapon Shop.
 20835 | Orc:2    | Found Leuguibice's General Store.
 20835 | Orc:2    | Found Zidui's Jewellery Boutique.
 20840 | Orc:2    | Bought a scroll of identify for 26 gold pieces
 20840 | Orc:2    | Bought a scroll of fear for 52 gold pieces
 20852 | Orc:2    | Bought a smoking quarterstaff for 234 gold pieces
 20852 | Orc:2    | Identified the +3 quarterstaff of the Sea {drain, rElec
                  | Will+ Str+3} (You bought it in a shop on level 2 of the
                  | Orcish Mines)
 21209 | Lair:1   | Learned a level 7 spell: Orb of Destruction
 21646 | D:13     | Noticed Snorg
 21651 | D:13     | Killed Snorg
 22409 | D:14     | Found Guolop's Armour Shop.
 22553 | D:14     | Found Zeziunuq's Assorted Antiques.
 22744 | D:14     | Found Nufeuk's Weapon Shoppe.
 23077 | D:14     | Found Peimm's Weapon Shoppe.
 23427 | D:15     | Entered Level 15 of the Dungeon
 23469 | D:15     | Noticed Azrael
 23590 | D:15     | Paralysed by something for 4 turns
 23872 | Snake:1  | Entered Level 1 of the Snake Pit
 24429 | Snake:1  | Found Qummoopi's Mass Market.
 24548 | Snake:1  | Identified the +0 hat of Grim Freedom {Harm Drain rElec
                  | Int+4}
 25047 | Snake:2  | Found Sutouleco's Weapon Emporium.
 25055 | Snake:2  | Found Ciumom's Antique Armour Shop.
 25063 | Snake:2  | Offered knowledge of Ignition by Vehumet.
 25261 | Snake:2  | Found Jeoxyxt's Weapon Shop.
 25344 | Snake:2  | Found Hyzxohusk's General Store.
 25352 | Snake:2  | Bought a scroll of identify for 22 gold pieces
 25352 | Snake:2  | Bought a potion of invisibility for 88 gold pieces
 25352 | Snake:2  | Bought a scroll of teleportation for 33 gold pieces
 25352 | Snake:2  | Bought a scroll of enchant weapon for 82 gold pieces
 25353 | Snake:2  | Reached XP level 17. HP: 100/100 MP: 33/33
 25354 | Snake:2  | Reached skill level 10 in Dodging
 25354 | Snake:2  | Reached XP level 18. HP: 105/105 MP: 34/34
 25359 | Snake:2  | Found Matiteq's Book Shop.
 25367 | Snake:2  | Bought a book of the Moon for 640 gold pieces
 25395 | Snake:2  | Reached skill level 13 in Conjurations
 25519 | Snake:2  | Found a basalt altar of Yredelemnul.
 25893 | Snake:3  | Found a runed translucent gate.
 26017 | Snake:3  | Noticed Vashnia
 26067 | Snake:3  | Found a gateway to a bazaar.
 26184 | Bazaar   | Entered a bazaar
 26185 | Bazaar   | Found Jazesitz's General Store.
 26185 | Bazaar   | Found Kiawkuuk's Assorted Antiques.
 26187 | Bazaar   | Found Beyjuc's Magic Scroll Emporium.
 26193 | Bazaar   | Bought a scroll of identify for 22 gold pieces
 26215 | Bazaar   | Bought a scroll of identify for 76 gold pieces
 26218 | Bazaar   | Found Kogole's Weapon Emporium.
 26240 | Bazaar   | Bought a scroll of blinking for 105 gold pieces
 26240 | Bazaar   | Bought a scroll of identify for 28 gold pieces
 26240 | Bazaar   | Bought a scroll of fear for 56 gold pieces
 26240 | Bazaar   | Bought a scroll of summoning for 133 gold pieces
 26240 | Bazaar   | Bought a scroll of enchant armour for 105 gold pieces
 26240 | Bazaar   | Bought a scroll of teleportation for 42 gold pieces
 26240 | Bazaar   | Bought a scroll of teleportation for 42 gold pieces
 26240 | Bazaar   | Bought a scroll of poison for 56 gold pieces
 26259 | Snake:3  | Killed Vashnia
 26341 | Snake:3  | Found a runed translucent gate.
 26343 | Snake:3  | Found a runed translucent gate.
 26613 | Snake:3  | Identified the +4 chain mail of Dim Light {rElec rN++ SInv}
 26755 | Snake:3  | Noticed mif's ghost (journeyman MiBe)
 26768 | Snake:3  | Reached skill level 10 in Shields
 27092 | Snake:3  | Learned a level 8 spell: Lehudib's Crystal Spear
 27112 | Snake:4  | Entered Level 4 of the Snake Pit
 27123 | Snake:4  | Reached XP level 19. HP: 95/110 MP: 33/36
 27382 | Snake:4  | Found Tukle's Weapon Shoppe.
 27382 | Snake:4  | Found Zumocot's Assorted Antiques.
 27382 | Snake:4  | Found Gijaedeha's Antique Armour Shoppe.
 27388 | Snake:4  | Found Baracs's Weapon Shoppe.
 27390 | Snake:4  | Bought a potion of curing for 84 gold pieces
 27390 | Snake:4  | Bought a scroll of teleportation for 84 gold pieces
 27390 | Snake:4  | Bought a warped robe for 159 gold pieces
 27390 | Snake:4  | Identified the +2 robe "Igaaxkoe" {Str+7} (You bought it in
                  | a shop on level 4 of the Snake Pit)
 27433 | Snake:4  | Found Jeuxuqur's Book Shoppe.
 27609 | Snake:4  | Reached skill level 1 in Evocations
 27657 | Snake:4  | Reached skill level 14 in Conjurations
 27774 | Snake:4  | Offered knowledge of Shatter by Vehumet.
 27774 | Snake:4  | Offered knowledge of Polar Vortex by Vehumet.
 27774 | Snake:4  | Offered knowledge of Maxwell's Capacitive Coupling by
                  | Vehumet.
 28030 | Snake:4  | Got a serpentine rune of Zot
 28354 | Elf:1    | Entered Level 1 of the Elven Halls
 28354 | Elf:1    | Found a runed translucent gate.
 28354 | Elf:1    | Found a runed translucent gate.
 28354 | Elf:1    | Found a runed translucent gate.
 28354 | Elf:1    | Found a runed translucent gate.
 28354 | Elf:1    | Found a runed translucent gate.
 28354 | Elf:1    | Found a runed translucent gate.
 28358 | Elf:1    | Found a runed translucent door.
 28381 | Elf:1    | Found a runed translucent door.
 28940 | Elf:1    | Identified the ring "Xoebimit" {Fire Int+6 Stlth-}
 29284 | D:15     | Noticed Agnes
 29286 | D:15     | Killed Agnes
 29589 | Shoals:1 | Entered Level 1 of the Shoals
 29618 | Shoals:1 | Reached skill level 15 in Conjurations
 29996 | Shoals:1 | Reached XP level 20. HP: 116/116 MP: 38/38
 30145 | Shoals:1 | Identified the +2 chain mail "Qeidy" {Fly Int-3 Stlth+}
 31202 | Shoals:2 | Identified the ring of Voaq {Int+6 Dex+3}
 31228 | Shoals:2 | Got the Grimoire of Mad Ravings
 31631 | Shoals:3 | Reached skill level 16 in Conjurations
 31646 | Shoals:3 | Reached skill level 15 in Spellcasting
 31902 | Shoals:3 | Identified the +7 rapier of Baynoch {vorpal, rF+ rN+ rCorr
                  | Int-3}
 32023 | Shoals:3 | Noticed Polyphemus
 32040 | Shoals:3 | Killed Polyphemus
 32567 | Shoals:4 | Entered Level 4 of the Shoals
 32873 | Shoals:4 | Got a barnacled rune of Zot
 33264 | Shoals:4 | Reached XP level 21. HP: 120/120 MP: 40/40
 33821 | Lair:1   | Acquired 478 gold pieces
 33974 | Snake:4  | Bought the +3 crown of Dyrovepreva {rElec Int+2 SInv} for
                  | 1490 gold pieces
 33974 | Snake:4  | Found the +3 crown of Dyrovepreva {rElec Int+2 SInv}
 33994 | Snake:4  | Learned a level 9 spell: Shatter
 34320 | D:15     | Killed Azrael
 34371 | D:15     | Found a staircase to the Depths.
 34565 | Vaults:1 | Entered Level 1 of the Vaults
 34634 | Vaults:1 | Found a magical portal.
 34643 | WizLab   | Entered The Roulette of Golubria
 34643 | WizLab   | Found a transporter.
 34646 | WizLab   | Found a corrupted altar of Lugonu.
 34681 | WizLab   | Found a transporter.
 34755 | WizLab   | Found a transporter.
 34779 | WizLab   | Found a transporter.
 34792 | WizLab   | Found a transporter.
 34837 | WizLab   | Found a transporter.
 34885 | WizLab   | Found a transporter.
 34921 | WizLab   | Found a transporter.
 34933 | WizLab   | Found a transporter.
 34959 | WizLab   | Found a transporter.
 34992 | WizLab   | Found a transporter.
 35000 | WizLab   | Found a corrupted altar of Lugonu.
 35100 | WizLab   | Found a transporter.
 35122 | WizLab   | Found a transporter.
 35158 | WizLab   | Found a transporter.
 35158 | WizLab   | Found a transporter.
 35188 | WizLab   | Found a transporter.
 35221 | WizLab   | Found a transporter.
 35268 | WizLab   | Found a transporter.
 35270 | WizLab   | Got the Monograph on the Compass
 35280 | WizLab   | Identified the +1 cloak "Qeag" {Rampage}
 35305 | WizLab   | Found a transporter.
 35359 | WizLab   | Got Dosoq's Grimoire of Shifting
 35434 | WizLab   | Found a transporter.
 35753 | Vaults:1 | You are sucked into a shaft and drop 1 floor!
 36954 | Vaults:2 | Noticed Margery
 36960 | Vaults:2 | Killed Margery
 37310 | Vaults:2 | Reached XP level 22. HP: 125/125 MP: 32/42
 37735 | Vaults:2 | Found a staircase to the Crypt.
 38323 | Vaults:3 | Found a glowing silver altar of Zin.
 38323 | Vaults:3 | Found a crumbling gateway.
 38323 | Vaults:3 | Found a white marble altar of Elyvilon.
 38344 | Vaults:3 | Found a glowing golden altar of the Shining One.
 38356 | Desolati | Entered the Desolation of Salt
 38398 | Desolati | Learned a level 2 spell: Blink
 38510 | Desolati | Identified the +10 dagger of the Middle {holy, rPois Int+3
                  | SInv}
 38514 | Desolati | Identified the amulet of Abbuant {Faith Will+ Str+6 Dex+4}
 38523 | Desolati | Identified the +7 chain mail of Greed {Will+ Int+4 Dex+3}
 38662 | Desolati | Identified the +2 broad axe of the Howling Gods {vorpal,
                  | Int+3}
 38716 | Desolati | Identified the amulet "Ockungyi" {Acrobat Dex+9}
 38721 | Desolati | Identified the +6 battleaxe "Duem" {antimagic, rPois rN+
                  | Will+}
 38724 | Desolati | Identified the ring "Apsax" {*Corrode rC+ Str+6}
 38772 | Desolati | Identified the +7 rapier "Epneivo" {vorpal, Str+4}
 38772 | Desolati | Identified the ring of Fukanex {rC+ Will+ Int+4}
 38904 | Desolati | Got the Volume of Battling and Iniquitous Deeds
 38905 | Desolati | Identified the amulet of Koebuost {Harm Regen+ Int+3}
 39161 | Vaults:3 | Found a flickering gateway to a bazaar.
 39183 | Bazaar   | Entered a bazaar
 39208 | Bazaar   | Found Ishritris's Weapon Boutique.
 39230 | Bazaar   | Found Queve's Armour Emporium.
 39251 | Bazaar   | Found Uxzu's Book Boutique.
 39271 | Bazaar   | Found Voeth's Antique Weapon Shoppe.
 39870 | Vaults:3 | Reached skill level 10 in Fighting
 39912 | Vaults:3 | Identified the +0 ring mail of the Evening Star {rC++
                  | Int+2}
 40276 | Vaults:3 | Noticed Sojobo
 40511 | Vaults:3 | Killed Sojobo
 40639 | Vaults:3 | Reached XP level 23. HP: 132/132 MP: 39/44
 41249 | Vaults:4 | Noticed Zenata
 41253 | Vaults:4 | Killed Zenata
 41936 | Vaults:4 | Reached skill level 5 in Evocations
 42044 | Vaults:4 | Noticed Jory
 42046 | Vaults:4 | Killed Jory
 42181 | Vaults:4 | Identified the +6 short sword "Kicoidghele" {freeze, rC+
                  | rN+ rCorr}
 42383 | Depths:1 | Entered Level 1 of the Depths
 42385 | Depths:1 | Found a gateway to Hell.
 42444 | Depths:1 | Found a one-way gate leading to the halls of Pandemonium.
 42452 | Depths:1 | Reached skill level 5 in Staves
 42803 | Depths:1 | Reached skill level 17 in Conjurations
 43700 | Depths:2 | Found a one-way gate to the infinite horrors of the Abyss.
 43986 | Depths:2 | Reached XP level 24. HP: 140/140 MP: 39/45
 44195 | Depths:2 | Identified the +5 longbow "Keggosoo" {vorpal, rC+ Int+4
                  | Dex+2}
 44411 | Depths:2 | Noticed the Enchantress
 44517 | Depths:2 | Killed the Enchantress
 44698 | Depths:2 | Noticed Nikola
 44701 | Depths:2 | Killed Nikola
 46446 | Depths:4 | Entered Level 4 of the Depths
 46848 | Depths:4 | Learned a level 7 spell: Spellforged Servitor
 46863 | Depths:4 | Noticed a juggernaut
 46865 | Depths:4 | Killed a juggernaut
 46874 | Depths:4 | Reached skill level 18 in Conjurations
 46911 | Depths:4 | Reached skill level 1 in Summonings
 47077 | Depths:4 | Reached XP level 25. HP: 148/148 MP: 32/46
 47133 | Depths:4 | Found a gate to the Realm of Zot.
 47235 | Depths:4 | Found a one-way gateway to a ziggurat.
 48014 | Elf:2    | Found a runed translucent gate.
 48067 | Elf:2    | Identified the +10 dagger of the Enfolding Gods {speed,
                  | Dex+6 Stlth-}
 48310 | Elf:2    | Found a runed translucent gate.
 48311 | Elf:2    | Found a runed translucent gate.
 48936 | Elf:3    | Entered Level 3 of the Elven Halls
 49112 | Elf:3    | Found the +4 skin of Zhor {*Englaciate rC+++ SInv}
 49116 | Elf:3    | Reached skill level 19 in Conjurations
 49155 | Elf:3    | Noticed Donald
 49157 | Elf:3    | Killed Donald
 49237 | Elf:3    | Got the Octavo of Envenoming and Combat Magic
 49250 | Elf:3    | Identified the +4 scale mail of a treasure trove {Int+3
                  | Dex+4}
 49272 | Elf:3    | Got the Treatise on the Oath
 49321 | Elf:3    | Identified the +6 scimitar of the Special Curses {drain,
                  | rN+ Str-3 SInv}
 49888 | Elf:3    | Identified the +0 leather armour of the Big Bang {Will-
                  | Dex+4 Stlth+}
 50356 | D:11     | Killed Skysoldier's ghost
 50548 | Snake:3  | Killed mif's ghost
 50879 | Hell     | Entered the Vestibule of Hell
 50879 | Hell     | Noticed Geryon
 50882 | Hell     | Killed Geryon
 50904 | Hell     | Reached XP level 26. HP: 157/157 MP: 21/47
 51079 | Hell     | Found a gateway to the Iron City of Dis.
 51152 | Hell     | Found a gateway to the freezing wastes of Cocytus.
 51245 | Hell     | Found a gateway to the decaying netherworld of Tartarus.
 51383 | Hell     | Found a gateway to the ashen valley of Gehenna.
 51735 | Vaults:5 | Entered Level 5 of the Vaults
 51737 | Vaults:5 | Reached skill level 10 in Staves
 51737 | Vaults:5 | Reached skill level 20 in Conjurations
 51737 | Vaults:5 | Noticed an ancient lich
 51742 | Vaults:5 | Killed an ancient lich
 51747 | Vaults:5 | Reached skill level 15 in Dodging
 51755 | Vaults:5 | Noticed an ancient lich
 51757 | Vaults:5 | Killed an ancient lich
 52213 | Vaults:5 | Found Umazxuram's Antique Armour Boutique.
 52310 | Vaults:5 | Found Geup's Antique Armour Shop.
 52311 | Vaults:5 | Found Inniok Ceing's Distillery.
 52317 | Vaults:5 | Bought a potion of haste for 150 gold pieces
 52317 | Vaults:5 | Bought a potion of curing for 45 gold pieces
 52317 | Vaults:5 | Bought a potion of magic for 120 gold pieces
 52322 | Vaults:5 | Found Gaaprapt's Book Shop.
 52436 | Vaults:5 | Identified the +3 short sword "Cemeaps" {speed, Dex+5
                  | Stlth-}
 52442 | Vaults:5 | Identified the ring "Demas" {rF+ rCorr Str-4 Int+3 Dex+7}
 52724 | Vaults:5 | Got a silver rune of Zot
 53095 | Zot:1    | Entered Level 1 of the Realm of Zot
 53099 | Zot:1    | Noticed a Killer Klown
 53101 | Zot:1    | Killed a Killer Klown
 53102 | Zot:1    | Reached skill level 21 in Conjurations
 53119 | Zot:1    | Noticed an ancient lich
 53121 | Zot:1    | Reached XP level 27. HP: 164/164 MP: 36/48
 53122 | Zot:1    | Killed an ancient lich
 53178 | Zot:1    | Reached skill level 15 in Fighting
 53212 | Zot:1    | Identified the +11 spear "Caqac" {chaos, rElec}
 54201 | Depths:2 | Voluntarily entered the Abyss.
 54203 | Abyss:1  | Found a corrupted altar of Lugonu.
 54304 | Abyss:1  | Learned a level 3 spell: Swiftness
 54374 | Abyss:1  | Gained mutation: You are frail. (-10% HP) [a neqoxec]
 54380 | Abyss:1  | Gained mutation: You are clumsy. (Dex -2) [a neqoxec]
 54720 | Abyss:3  | Noticed an ancient lich
 54730 | Abyss:3  | Killed an ancient lich
 54954 | Abyss:3  | Noticed a dread lich
 54957 | Abyss:3  | Killed a dread lich
 54965 | Abyss:3  | Reached skill level 22 in Conjurations
 55595 | Abyss:3  | Found a corrupted altar of Lugonu.
 55609 | Abyss:3  | Reached skill level 10 in Evocations
 56067 | Abyss:3  | Noticed a dread lich
 56069 | Abyss:3  | Killed a dread lich
 56094 | Abyss:3  | Gained mutation: You are very frail. (-20% HP) [a
                  | cacodemon]
 56105 | Abyss:3  | Found a transporter.
 56109 | Abyss:3  | Found a transporter.
 56109 | Abyss:3  | Found a transporter.
 56110 | Abyss:3  | Got an abyssal rune of Zot
 56121 | Depths:2 | Escaped the Abyss
 56292 | Lair:1   | Lost mutation: You are clumsy. (Dex -2) [potion of
                  | mutation]
 56292 | Lair:1   | Lost mutation: You are very frail. (-20% HP) [potion of
                  | mutation]
 56292 | Lair:1   | Lost mutation: You are frail. (-10% HP) [potion of
                  | mutation]
 56292 | Lair:1   | Gained mutation: You occasionally lose the ability to drink
                  | potions when taking damage. [potion of mutation]
 56292 | Lair:1   | Gained mutation: You sometimes lose the ability to drink
                  | potions when taking damage. [potion of mutation]
 56292 | Lair:1   | Gained mutation: Your flesh is cold resistant. (rC+)
                  | [potion of mutation]
 56292 | Lair:1   | Gained mutation: You are covered in fur. (AC +1) [potion of
                  | mutation]
 56293 | Lair:1   | Lost mutation: You are covered in fur. (AC +1) [potion of
                  | mutation]
 56293 | Lair:1   | Lost mutation: You sometimes lose the ability to drink
                  | potions when taking damage. [potion of mutation]
 56293 | Lair:1   | Gained mutation: You are robust. (+10% HP) [potion of
                  | mutation]
 56293 | Lair:1   | Gained mutation: You occasionally lose the ability to read
                  | scrolls when taking damage. [potion of mutation]
 56293 | Lair:1   | Gained mutation: Your flesh is very cold resistant. (rC++)
                  | [potion of mutation]
 56294 | Lair:1   | Lost mutation: You are robust. (+10% HP) [potion of
                  | mutation]
 56294 | Lair:1   | Lost mutation: You occasionally lose the ability to read
                  | scrolls when taking damage. [potion of mutation]
 56294 | Lair:1   | Gained mutation: Your mind is acute. (Int +4, Str/Dex -1)
                  | [potion of mutation]
 56294 | Lair:1   | Lost mutation: Your mind is acute. (Int +4, Str/Dex -1)
                  | [potion of mutation]
 56294 | Lair:1   | Gained mutation: Your flesh is heat resistant. (rF+)
                  | [potion of mutation]
 56362 | Slime:1  | Entered Level 1 of the Pits of Slime
 56475 | Slime:4  | Gained mutation: Your magical capacity is low. (-10% MP) [a
                  | shining eye]
 56549 | Slime:3  | Gained mutation: You are weak. (Str -2) [a shining eye]
 56710 | Slime:5  | Entered Level 5 of the Pits of Slime
 57815 | Slime:4  | Learned a level 9 spell: Fire Storm
 57820 | Slime:4  | Gained mutation: Armour fits poorly on your strangely
                  | shaped body. [a shining eye]
 57841 | Slime:5  | Noticed the Royal Jelly
 57841 | Slime:5  | Gained mutation: You occasionally shout uncontrollably at
                  | your foes. [a shining eye]
 57958 | Slime:5  | Found a viscous altar of Jiyva.
 58050 | Slime:5  | Killed the Royal Jelly
 58051 | Slime:5  | Reached skill level 23 in Conjurations
 58122 | Slime:5  | Got the Incunabulum of Shadowy Transmogrification
 58145 | Slime:5  | Identified the amulet "Nabbeurph" {Acrobat rF++ Int+3}
 58157 | Slime:5  | Identified the +1 leather armour of Chimes {rF+ Stlth+}
 58202 | Slime:5  | Got a slimy rune of Zot
 58572 | Vaults:1 | Lost mutation: You occasionally lose the ability to drink
                  | potions when taking damage. [potion of mutation]
 58572 | Vaults:1 | Lost mutation: Your flesh is heat resistant. (rF+) [potion
                  | of mutation]
 58572 | Vaults:1 | Lost mutation: You are weak. (Str -2) [potion of mutation]
 58572 | Vaults:1 | Gained mutation: Your body sometimes deteriorates upon
                  | taking damage. [potion of mutation]
 58572 | Vaults:1 | Gained mutation: You expend magic power (3 MP) to
                  | strengthen your wands. [potion of mutation]
 58672 | Vaults:4 | Lost mutation: You expend magic power (3 MP) to strengthen
                  | your wands. [potion of mutation]
 58672 | Vaults:4 | Lost mutation: Your flesh is very cold resistant. (rC++)
                  | [potion of mutation]
 58672 | Vaults:4 | Gained mutation: You do not regenerate when monsters are
                  | visible. [potion of mutation]
 58672 | Vaults:4 | Gained mutation: Your spells are a little harder to cast,
                  | but a little more powerful. [potion of mutation]
 58861 | Lair:1   | Lost mutation: You do not regenerate when monsters are
                  | visible. [potion of mutation]
 58861 | Lair:1   | Lost mutation: Your flesh is cold resistant. (rC+) [potion
                  | of mutation]
 58861 | Lair:1   | Lost mutation: You occasionally shout uncontrollably at
                  | your foes. [potion of mutation]
 58861 | Lair:1   | Gained mutation: You are occasionally teleported next to
                  | monsters. [potion of mutation]
 58861 | Lair:1   | Gained mutation: Your magical capacity is very low. (-20%
                  | MP) [potion of mutation]
 58965 | Elf:1    | Lost mutation: Your spells are a little harder to cast, but
                  | a little more powerful. [potion of mutation]
 58965 | Elf:1    | Lost mutation: Your body sometimes deteriorates upon taking
                  | damage. [potion of mutation]
 58965 | Elf:1    | Gained mutation: You sometimes lose your temper in combat.
                  | [potion of mutation]
 59195 | Shoals:4 | Lost mutation: You are occasionally teleported next to
                  | monsters. [potion of mutation]
 59195 | Shoals:4 | Lost mutation: You sometimes lose your temper in combat.
                  | [potion of mutation]
 59195 | Shoals:4 | Gained mutation: Your body sometimes deteriorates upon
                  | taking damage. [potion of mutation]
 59195 | Shoals:4 | Gained mutation: Your spells are a little harder to cast,
                  | but a little more powerful. [potion of mutation]
 59588 | Vaults:5 | Bought 2 potions of mutation for 240 gold pieces
 59588 | Vaults:5 | Bought a potion of mutation for 120 gold pieces
 59588 | Vaults:5 | Bought a potion of mutation for 120 gold pieces
 59588 | Vaults:5 | Lost mutation: Your body sometimes deteriorates upon taking
                  | damage. [potion of mutation]
 59588 | Vaults:5 | Lost mutation: Your magical capacity is very low. (-20% MP)
                  | [potion of mutation]
 59588 | Vaults:5 | Lost mutation: Your magical capacity is low. (-10% MP)
                  | [potion of mutation]
 59588 | Vaults:5 | Gained mutation: Your flesh is heat resistant. (rF+)
                  | [potion of mutation]
 59588 | Vaults:5 | Gained mutation: Your magical capacity is low. (-10% MP)
                  | [potion of mutation]
 59589 | Vaults:5 | Lost mutation: Armour fits poorly on your strangely shaped
                  | body. [potion of mutation]
 59589 | Vaults:5 | Lost mutation: Your spells are a little harder to cast, but
                  | a little more powerful. [potion of mutation]
 59589 | Vaults:5 | Lost mutation: Your magical capacity is low. (-10% MP)
                  | [potion of mutation]
 59589 | Vaults:5 | Gained mutation: Your muscles are strong. (Str +4, Int/Dex
                  | -1) [potion of mutation]
 59589 | Vaults:5 | Gained mutation: You have a pair of small horns on your
                  | head. [potion of mutation]
 59855 | Zot:1    | Reached skill level 10 in Fire Magic
 60529 | Zot:2    | Identified the +2 helmet "Qerph" {rF+ MP+9 Stlth+}
 61003 | Zot:2    | Found a transporter.
 61512 | Zot:3    | Noticed an orb of fire
 61516 | Zot:3    | Killed an orb of fire
 61703 | Zot:3    | Identified the +1 leather armour of the Jabberwock {Rampage
                  | rPois Dex+2}
 61839 | Zot:3    | Noticed Grunn
 61844 | Zot:3    | Killed Grunn
 62524 | Zot:5    | Entered Level 5 of the Realm of Zot
 62970 | D:12     | Bought the ring "Tuol" {rC- rN+ rCorr Str+5} for 555 gold
                  | pieces
 63220 | Geh:1    | Entered Level 1 of Gehenna
 64491 | Geh:5    | Noticed a juggernaut
 64496 | Geh:5    | Killed a juggernaut
 64500 | Geh:5    | Noticed a juggernaut
 64504 | Geh:5    | Killed a juggernaut
 64504 | Geh:5    | Noticed a juggernaut
 64506 | Geh:5    | Noticed a juggernaut
 64510 | Geh:5    | Killed a juggernaut
 64511 | Geh:5    | Killed a juggernaut
 64727 | Geh:6    | Reached skill level 24 in Conjurations
 65019 | Geh:7    | Entered Level 7 of Gehenna
 65263 | Geh:7    | Noticed the Serpent of Hell
 65272 | Geh:7    | Killed the Serpent of Hell
 65553 | Geh:7    | Found the +7 sceptre of Asmodeus
 65553 | Geh:7    | Noticed Asmodeus
 65675 | Geh:7    | HP: 8/175 [Brimstone Fiend/damnation[Asmodeus] (35)]
 65680 | Geh:7    | Killed Asmodeus
 65816 | Geh:7    | Got an obsidian rune of Zot
 65958 | Geh:7    | Reached skill level 15 in Fire Magic
 66172 | Geh:7    | Found the ring of the Tortoise {AC+8}
 66178 | Geh:7    | Identified the ring of Neukivi {Drain MP+9 Str+4}
 66187 | Geh:7    | Got Sif Muna's Excursus on Friendly Breath
 66195 | Geh:7    | Identified the +6 rapier "Mivyisa" {freeze, rCorr Str+4}
 66197 | Geh:7    | Identified the +8 shortbow "Goblinslayer" {speed, Fly rN+
                  | Str+3}
 66648 | Crypt:1  | Entered Level 1 of the Crypt
 67202 | Crypt:1  | Identified the +1 robe of the Nice God {+Inv rElec Will++
                  | Int-2}
 67571 | Crypt:1  | Found an ancient bone altar of Kikubaaqudgha.
 68135 | Crypt:3  | Entered Level 3 of the Crypt
 68465 | Crypt:3  | Noticed Frederick
 68467 | Crypt:3  | Killed Frederick
 68478 | Crypt:3  | Noticed an ancient lich
 68489 | Crypt:3  | Killed an ancient lich
 68605 | Crypt:3  | Found a basalt altar of Yredelemnul.
 68721 | Crypt:3  | Found a staircase to the Tomb.
 69137 | Crypt:3  | Identified the +0 pair of boots "Ymum" {Regen+ Int+2 Dex+2}
 69236 | Crypt:3  | Identified the +5 cloak of the Echidna {Will- MP+9 Stlth+}
 69241 | Crypt:3  | Identified the ring "Hyizan" {rPois rN+ Dex+3 Slay-4
                  | Stlth+}
 69241 | Crypt:3  | Identified the ring "Nysmol" {rC- rN+ Dex+6}
 69243 | Crypt:3  | Identified the +2 pair of gloves of the Hall of Blades
                  | {+Blink Int+3 Dex+2}
 69737 | Coc:1    | Entered Level 1 of Cocytus
 70128 | Coc:2    | Paralysed by a wendigo for 1 turns
 70135 | Coc:2    | Gained mutation: You have hidden genetic defects.
                  | [mutagenic glow]
 70152 | Coc:2    | Gained mutation: Potions are less effective at restoring
                  | your health. [mutagenic glow]
 70161 | Coc:1    | Gained mutation: You occasionally lose the ability to read
                  | scrolls when taking damage. [mutagenic glow]
 70918 | Zot:5    | Noticed a dread lich
 70930 | Zot:5    | Killed a dread lich
 71566 | Zot:5    | Noticed an orb of fire
 71569 | Zot:5    | Noticed an ancient lich
 71571 | Zot:5    | Killed an orb of fire
 71572 | Zot:5    | Reached skill level 25 in Conjurations
 71576 | Zot:5    | Killed an ancient lich
 71583 | Zot:5    | Gained mutation: Your spells are a little easier to cast,
                  | but a little less powerful. [hidden defects]
 71931 | Zot:5    | Noticed an orb of fire
 71937 | Zot:5    | Gained mutation: You are dopey. (Int -2) [an orb of fire]
 71938 | Zot:5    | Killed an orb of fire
 71987 | Zot:5    | Lost mutation: Your muscles are strong. (Str +4, Int/Dex
                  | -1) [hidden defects]
 71987 | Zot:5    | Lost mutation: You have hidden genetic defects. [hidden
                  | defects expressed]
 72041 | Zot:5    | Noticed an orb of fire
 72043 | Zot:5    | Lost mutation: You occasionally lose the ability to read
                  | scrolls when taking damage. [mutagenic glow]
 72045 | Zot:5    | Killed an orb of fire
 72072 | Zot:5    | Gained mutation: You occasionally shout uncontrollably at
                  | your foes. [mutagenic glow]
 72082 | Zot:5    | Noticed an orb of fire
 72083 | Zot:5    | Gained mutation: You are weak. (Str -2) [an orb of fire]
 72087 | Zot:5    | Killed an orb of fire
 72087 | Zot:5    | Gained mutation: You frequently scream uncontrollably at
                  | your foes. [mutagenic glow]
 72204 | Zot:5    | Noticed a dread lich
 72211 | Zot:5    | Paralysed by a dread lich for 2 turns
 72214 | Zot:5    | Killed a dread lich
 72396 | Zot:5    | Noticed an orb of fire
 72400 | Zot:5    | Killed an orb of fire
 72757 | Lair:1   | Lost mutation: You are dopey. (Int -2) [potion of mutation]
 72757 | Lair:1   | Lost mutation: You are weak. (Str -2) [potion of mutation]
 72757 | Lair:1   | Lost mutation: Potions are less effective at restoring your
                  | health. [potion of mutation]
 72758 | Lair:1   | Lost mutation: You have a pair of small horns on your head.
                  | [potion of mutation]
 72758 | Lair:1   | Lost mutation: Your spells are a little easier to cast, but
                  | a little less powerful. [potion of mutation]
 72758 | Lair:1   | Gained mutation: You are strong-willed. (Will+) [potion of
                  | mutation]
 72758 | Lair:1   | Gained mutation: You possess an exceptional clarity of
                  | mind. [potion of mutation]
 73139 | Zot:5    | Got the Orb of Zot
 73220 | Zot:3    | Noticed Gokhlas the pandemonium lord
 73679 | D:$      | Escaped with the Orb!

Illustrated notes

Levels and vault maps discovered:
D:1:      dpeg_arrival_shelter, layout_loops_ring,
          shapermc_ecumenical_altar_totnotflames,
          chequers_serial_rivers_micro_d, minmay_pentomino_w4
D:2:      layout_basic, serial_forest, infiniplex_forest_end_3,
          infiniplex_forest_clump_tiny, infiniplex_forest_lined_room_,
          infiniplex_forest_clump_double, infiniplex_forest_diagonal,
          infiniplex_forest_lined_2
D:3:      layout_rooms, serial_bayou, serial_bayou_lagoon_b,
          serial_bayou_shore_b, serial_bayou_ford_a, serial_bayou_lagoon_a,
          serial_bayou_pond_b, uniq_robin, uniq_crazy_yiuf_cottage
D:4:      layout_cave_pools, enter_ossuary_3, grunt_ministairs_14
D:5:      layout_gridville, minmay_temple_entry_glass
D:6:      layout_loops_ring, uniq_grinder
D:7:      layout_loops_corners, nicolae_underground_beach
D:8:      layout_basic, lemuel_crystal_altar,
          nicolae_gozag_cash_rules_everything_around_me
D:9:      layout_basic, nicolae_wu_jian_glorious_leap, david_orc_2,
          enter_bailey_5, hangedman_decor_riveting, minivault_8, uniq_psyche
D:10:     layout_long_grid, amcnicky_altar_gilded,
          gammafunk_temple_overflow_arena
D:11:     layout_gridville, lair_entry_dummy, gammafunk_ghost_nasty_kobolds,
          minmay_misc_feat_columns, dk_noncrumbling_4,
          chequers_serial_rivers_small_a, uniq_lodul
D:12:     layout_long_grid, serial_shops, nicolae_shop_hallway_stairs,
          kennysheep_minor_cross, uniq_erolcha, uniq_josephine
D:13:     layout_loops_ring, erik_vaults_2, uniq_snorg, uniq_nessos
D:14:     layout_grid_maze, infiniplex_staircase_trident, serial_shops,
          nicolae_stop_n_shop_1, shop_fountains,
          nicolae_shop_bloodbath_and_beyond, nicolae_shop_window_shopping,
          skrybe_limestone_x
D:15:     grunt_enter_depths_giant_problem, layout_rooms,
          hangedman_decor_lopped, st_stairs_8, uniq_agnes, uniq_azrael
Temple:   nicolae_temple_no_exploring_needed
Lair:1:   layout_cave_shapes, basic_altar, infiniplex_staircase_pool,
          grunt_megastairs_4
Lair:2:   layout_long_grid, elwin_shoals_entry_stream,
          minmay_snake_entry_guardpost_small
Lair:3:   layout_loops_ring, dreamdust_mushroom_princess,
          grunt_forest_small_clearing_treed
Lair:4:   pond_and_an_island_with_a_cottage, layout_loops_ring, slime_entry_1
Lair:5:   due_jungle_book, layout_small_grid, special_room
          [special_room_mythical_zoo]
Shoals:1: layout_shoals, nicolae_shoals_nautilus_by_nature
Shoals:2: dreamdust_from_the_deep, layout_shoals, nicolae_shoals_water_shrine
Shoals:3: cheibrodos_shoals_oceanic_diplomacy, layout_shoals,
          nicolae_shoals_lost_giant_temple, uniq_polyphemus
Shoals:4: shoals_end_grunt_ice, layout_shoals
Snake:1:  layout_onion, minmay_shop_mass, grunt_megastairs_5
Snake:2:  layout_onion_interference, basic_altar, serial_shops, shop,
          nicolae_diamond_shop, shop, shop, shop
Snake:3:  layout_cave_town, serial_shops, bzr_entry_dummy,
          gammafunk_ghost_necromancy, uniq_vashnia
Snake:4:  snake_pit, layout_rooms, serial_shops, shop, minmay_shop_grid_forest,
          grunt_ministairs_15
Slime:1:  layout_caves
Slime:2:  layout_caves
Slime:3:  layout_caves, nicolae_slime_barrier
Slime:4:  layout_caves
Slime:5
Orc:1:    layout_diamond_mine, nicolae_volcano_entry_hallway
Orc:2:    st_orc_congregation, layout_diamond_mine
Elf:1:    nicolae_elf_arrival_dilemma, layout_rooms
Elf:2:    nicolae_elf_blades_crystal_corner, layout_onion_city
Elf:3:    grunt_elf_hall_diamonds, layout_loops_corners, minmay_strange_pillars,
          uniq_donald
Vaults:1: mu_enter_wizlab_1, dpeg_vaults_monster_row, hangedman_vaults_impose,
          v_misc_31, v_misc_2, ontoclasm_vaults_shuriken,
          nicolae_vaults_what_the_h, layout_vaults_omnigrid
Vaults:2: vaults_room_octagon, minmay_crypt_entry_simple_walls,
          nicolae_vaults_yaktaur_gun_rack, v_misc_19, vaults_mumra_hexcomb,
          nicolae_vaults_border_crossing, v_rooms_2, vaults_room_semicircle,
          hangedman_vaults_nails, vaults_dpeg_ring, layout_vaults_chaotic_city,
          uniq_margery
Vaults:3: portal_desolation_entry_holy_temple, nicolae_vaults_inception_corners,
          v_misc_18, ontoclasm_vaults_spin, nicolae_vaults_fighting_squares,
          v_misc_8, hangedman_vaults_slice, ontoclasm_vaults_eye,
          grunt_vaults_funnel, v_alt_pattern_3, ontoclasm_vaults_idyll,
          vaults_dpeg_diagonal, nicolae_vaults_theta, layout_vaults_omnibox,
          serial_shops, bzr_entry_safe, uniq_sojobo
Vaults:4: nicolae_vaults_asterisk, vaults_standard_mumra_enter_the_diamond,
          nicolae_vaults_little_squares_3, vaults_room_semicircle,
          hangedman_vaults_corner_blocks, vaults_room_corners,
          nicolae_vaults_network_s, grunt_vaults_bifocal,
          hangedman_vaults_pinch, nicolae_vaults_sealed_display,
          grunt_vaults_swirl, st_lines, layout_vaults_maze, uniq_jory,
          uniq_zenata
Vaults:5: serial_shops
Crypt:1:  layout_regular_city, grunt_crypt_arrival_webbed, lemuel_upstairs_altar
Crypt:2:  layout_misc_corridors, lemuel_elevator
Crypt:3:  cryptofortress_bobbens, uniq_frederick
Depths:1: layout_honeycomb, amcnicky_mini_pool_small, rand_demon_pan_entry_5,
          hell_entry, lightli_fourway_metalbox, grunt_megastairs_2
Depths:2: dreamdust_merry_men, layout_cave_shapes, hangedman_geh_valley,
          abyss_entry, rand_demon_pan_entry_1, grunt_ministairs_12, uniq_nikola,
          uniq_enchantress
Depths:3: minmay_the_grid_triangle_9x9_line_8_mashed
          [minmay_the_grid_triangle_9x9_windchime,
          minmay_the_grid_triangle_9x9_swiss_cheese,
          minmay_the_grid_triangle_9x9_zippers_horizontal,
          minmay_the_grid_triangle_9x9_negative_grid,
          minmay_the_grid_triangle_9x9_flanged_cone,
          minmay_the_grid_triangle_9x9_corruption,
          minmay_the_grid_triangle_9x9_stretched_checkered,
          minmay_the_grid_triangle_9x9_prize_schism], layout_basic, abyss_entry,
          grunt_hell_entry_dis_old, minmay_misc_feat_plants, pan_entry,
          infiniplex_staircase_split_hallway
Depths:4: grunt_zot_entry_pinwheel, layout_gridville, enter_ziggurat_c,
          grunt_metal_band, wad_floor_pattern_2, pan_entry
Hell
Geh:1:    layout_gehenna_lava_caves
Geh:2:    layout_gehenna_lava_caves
Geh:3:    layout_gehenna_lava_caves
Geh:4:    layout_gehenna_pools_box
Geh:5:    nicolae_hells_titanomachy
Geh:6:    layout_gehenna_pools_box, hangedman_elemental_grid_stream
Geh:7:    evilmike_geh
Coc:1:    layout_cocytus_water_paths
Coc:2:    nicolae_coc_city_of_iceburg
Zot:1:    layout_gridville, hangedman_player_shredder, grunt_megastairs_1
Zot:2:    layout_onion, nicolae_diode_basic
Zot:3:    kennysheep_spiral_hall, layout_concentric_octagons, uniq_josephina,
          uniq_grunn
Zot:4:    layout_misc_corridors
Zot:5:    layout_misc_corridors, st_stairs_9

Skill      XL: |  1  2  3  4  5  6  7  8  9 10 11 12 13 14 15 16 17 18 19 20 21 22 23 24 25 26 27 |
---------------+----------------------------------------------------------------------------------+-----
Transmutations | 1 2 |  2.3
Earth Magic    | 4 5 6 7 9 10 11 12 13 14 15 16 17 18 19 20 21 22 23 24 | 24.4
Dodging        | 2 3 4 5 6 7 8 9 10 11 12 13 14 15 18 | 18.7
Conjurations   | 1 2 3 5 6 7 9 10 12 13 15 16 17 18 19 21 25 | 25.4
Spellcasting   | 3 4 6 7 8 9 10 11 12 13 14 15 16 17 18 19 20 21 24 | 24.9
Staves         | 1 3 6 8 9 10 | 10.9
Shields        | 1 2 4 6 7 8 9 10 11 12 13 14 | 14.4
Maces & Flails | 1 2 3 4 5 6 7 8 |  8.0
Fighting       | 1 3 4 5 6 7 8 9 10 11 12 13 14 20 | 20.3
Fire Magic     | 2 4 7 8 9 18 | 18.0
Evocations     | 3 4 5 6 8 14 | 14.9
Summonings     | 1 3 |  3.0
Stealth        | |  2.8

Action                   |  1- 3 |  4- 6 |  7- 9 | 10-12 | 13-15 | 16-18 | 19-21 | 22-24 | 25-27 || total
-------------------------+-------+-------+-------+-------+-------+-------+-------+-------+-------++-------
Melee: Dagger            |       |     5 |       |       |       |       |       |       |       ||     5
       Quarterstaff      |       |     6 |    20 |       |       |       |       |       |       ||    26
       Flail             |       |       |    18 |       |       |     2 |       |       |       ||    20
       Whip              |       |       |       |    40 |    27 |     1 |       |       |       ||    68
       Staff             |       |       |       |       |       |       |    37 |    38 |   310 ||   385
       Headbutt          |       |       |       |       |       |       |       |       |    30 ||    30
 Cast: Sandblast         |    79 |   112 |   150 |   364 |   449 |   138 |   179 |    18 |     5 ||  1494
       Stone Arrow       |       |     4 |     3 |    26 |    85 |       |       |       |       ||   118
       Petrify           |       |       |     1 |    13 |     9 |     5 |       |     1 |       ||    29
       Flame Wave        |       |       |       |    26 |    29 |     1 |    18 |    10 |     7 ||    91
       Lee's Rapid Decon |       |       |       |       |    86 |    39 |   283 |   277 |   208 ||   893
       Fireball          |       |       |       |       |    26 |     7 |    38 |    41 |    40 ||   152
       Iron Shot         |       |       |       |       |    88 |   109 |   215 |   280 |   983 ||  1675
       Inner Flame       |       |       |       |       |     5 |       |       |       |       ||     5
       Orb of Destructio |       |       |       |       |       |     4 |     4 |     7 |    15 ||    30
       Irradiate         |       |       |       |       |       |     1 |       |       |       ||     1
       Lehudib's Crystal |       |       |       |       |       |       |    15 |    11 |   117 ||   143
       Shatter           |       |       |       |       |       |       |     1 |    14 |   201 ||   216
       Blink             |       |       |       |       |       |       |       |     1 |     1 ||     2
       Passwall          |       |       |       |       |       |       |       |     1 |       ||     1
       Fire Storm        |       |       |       |       |       |       |       |       |     5 ||     5
       Spellforged Servi |       |       |       |       |       |       |       |       |     5 ||     5
Evoke: Phial of floods   |       |       |       |       |       |       |       |       |     2 ||     2
       Tin of tremorston |       |       |       |       |       |       |       |       |     1 ||     1
  Use: Scroll            |       |     5 |     6 |    17 |     9 |    11 |     4 |     4 |     4 ||    60
       Potion            |       |       |       |     2 |     3 |     2 |     1 |     1 |    22 ||    31
 Stab: Distracted        |       |       |       |       |       |       |     1 |     1 |       ||     2
       Sleeping          |       |       |       |       |       |       |       |       |     1 ||     1
Armor: Robe              |     4 |    50 |    79 |   150 |   249 |    55 |   109 |    59 |   222 ||   977
       Steam dragon scal |       |       |       |       |    26 |       |       |       |       ||    26
       Animal skin       |       |       |       |       |       |       |       |       |     5 ||     5
Dodge: Dodged            |    15 |    90 |    75 |   207 |   420 |    85 |   164 |   124 |   359 ||  1539
Block: Buckler           |       |       |    20 |   123 |   229 |     3 |       |       |       ||   375
       Kite shield       |       |       |       |       |       |   101 |   223 |   148 |   452 ||   924
